 Dungeon Crawl Stone Soup version 0.29.0-4-gdea44cf6ec (webtiles) character file.

Game seed: 16893246990513590899

16779 qw the Brawler (level 12, -6/118 HPs)
             Began as a Troll Cinder Acolyte on Sept 3, 2022.
             Was an Initiate of Ignis.
             Killed from afar by an oklob plant (11 damage)
             ... with a splash of acid
             ... on level 2 of the Lair of Beasts.
             The game lasted 00:05:19 (9675 turns).

qw the Brawler (Troll Cinder Acolyte)               Turns: 9675, Time: 00:05:19

Health: -6/118     AC: -25   Str: 29    XL:     12   Next: 13%
Magic:  12/12      EV:  9    Int: 10    God:    Ignis [......]
Gold:   609        SH:  0    Dex:  5    Spells: 13/13 levels left

rFire   + + .      SeeInvis .     - Unarmed
rCold   . . .      Faith    .   (no shield)
rNeg    + . .      Spirit   .   n - +1 acid dragon scales
rPois   .          Reflect  .   (helmet restricted)
rElec   .          Harm     .   f - +0 cloak
rCorr   +          Rampage  .   (gloves unavailable)
Will    .....                   (boots unavailable)
Stlth   ..........              p - amulet of regeneration
HPRegen 1.89/turn               l - ring of positive energy
MPRegen 0.13/turn               o - ring of protection from fire

@: corroded
A: large, unfitting armour, claws 3, regeneration 1, shaggy fur 1, tough skin 1
a: Renounce Religion, Rising Flame


You were on level 2 of the Lair of Beasts.
You worshipped Ignis.
Ignis was noncommittal.
You visited 2 branches of the dungeon, and saw 10 of its levels.

You collected 609 gold pieces.


Innate Abilities, Weirdness & Mutations

You are too large for most types of armour.
You have claws for hands.
Your natural rate of healing is unusually fast.
You are covered in fur. (AC +1)
You have tough skin. (AC +1)


   Skills:
 - Level 7.0 Fighting
 - Level 2.1 Throwing
 - Level 3.0 Armour
 - Level 2.1 Dodging
 + Level 17.4 Unarmed Combat
 - Level 1.0 Spellcasting
 - Level 2.1 Fire Magic


You had 13 spell levels left.
You didn't know any spells.
Your spell library contained the following spells:

 Spells                   Type           Power      Damage    Failure   Level
 Scorch                   Fire           8%         2d5       26%         2

Inventory:

Missiles
 j - 3 boomerangs (quivered)
Armour
 b - a +1 robe of fire resistance
 f - a +0 cloak (worn)
 n - +1 acid dragon scales (worn)
Jewellery
 d - the ring of Kiss {rN+ Will+ Int+4 Dex-4 SInv}
   (You found it on level 7 of the Dungeon)

   [ring of see invisible]

   Int:       It affects your intelligence (+4).
   Dex:       It affects your dexterity (-4).
   rN:        It protects you from negative energy.
   SInv:      It lets you see invisible.
   Will:      It increases your willpower.
 e - a ring of positive energy
 l - a ring of positive energy (left claw)
 o - a ring of protection from fire (right claw)
 p - an amulet of regeneration (around neck)
Scrolls
 c - 4 scrolls of identify
Potions
 a - a potion of invisibility {unknown}
 g - a potion of mutation
 i - 5 potions of curing
 k - 2 potions of might
 m - a potion of resistance

Dungeon Overview and Level Annotations

Branches:
Dungeon (8/15)             Temple (0/1) D:4            Lair (2/5) D:8
 Shoals (0/4) Lair:2       Spider (0/4) Lair:2

Altars:
Ashenzari
Fedhas
Gozag
Okawaru
Wu Jian
Zin

Annotations:
D:4 2 transporters, qw's ghost, weakling OgEn
D:5 2 transporters, qw's ghost, novice TeWr


Message History

The splash of acid hits you. You resist. The acid corrodes you!
9631 ||| DRINKING 2 potions of heal wounds.
You feel much better. The oklob plant spits acid at you.
The splash of acid hits you! You resist. The acid corrodes you!
The oklob plant spits acid at you. The splash of acid hits you! You resist.
The oklob plant spits acid at you. The splash of acid misses you.
The oklob plant spits acid at you. The splash of acid hits you! You resist.
The acid corrodes you! The oklob plant spits acid at you.
The splash of acid hits you! You resist. The acid corrodes you!
The oklob plant spits acid at you. The splash of acid hits you! You resist.
The oklob plant spits acid at you. The splash of acid hits you! You resist.
9655 ||| DRINKING potion of heal wounds.
You feel much better. The oklob plant spits acid at you.
The splash of acid hits you! You resist. The oklob plant spits acid at you.
The splash of acid hits you! You resist. The acid corrodes you!
The oklob plant spits acid at you. The splash of acid hits you. You resist.
The oklob plant spits acid at you. The splash of acid hits you! You resist.
The oklob plant spits acid at you. The splash of acid hits you! You resist.
The acid corrodes you! The oklob plant spits acid at you.
The splash of acid hits you. You resist. The oklob plant spits acid at you.
The splash of acid hits you! You resist. The oklob plant spits acid at you.
The splash of acid hits you! You resist. The oklob plant spits acid at you.
The splash of acid hits you. You resist. The acid corrodes you!
The oklob plant spits acid at you. The splash of acid hits you! You resist.
You die... ######### ######## #...##...... .#P#PPP.PP P#PPP..P##........... .#.PPPPP#P##PPPPP.##P#........... .# PPPPP#PP##PP...P.#........... .#P###P##P#PPPPPPP

..#.....>..... .##.PPP.......##
.P.#...........
.#####..~~~~~..##P.P##...........
.#PPP..~~~~~~~..#PPPP#....<......
.#P...~~~~~~~~~.@#PPP#...........
.##P.~~~~~~~~~~~..PPP#...........
.###.~~~~...~~~~.PPPP#...........
.....~~~~._......P#P##...........
.###.~~~~...~~~~.##PP#...........
.#P..~~~~~~~~~~~.PPPP#...........
.#P#..~~~~~~~~~..P..P#.###.....##
.#PP...~~~~~~~..PPPP.####...#..##
.#PP.P..~~~~~...P#P#P# ####....#


You could see an oklob plant.

Vanquished Creatures
  Gastronok (Lair:2)
  Erica (Lair:2)
  Joseph (D:7)
  6 elephants (Lair:2)
  3 black mambas (Lair:2)
  A cane toad (Lair:2)
  Maggie (D:6)
  A demonic crawler (Lair:2)
  A rime drake (Lair:2)
  5 komodo dragons
  A merfolk (Lair:2)
  A hornet (Lair:1)
  Prince Ribbit (D:8)
  3 blink frogs (Lair:2)
  3 wyverns
  18 yaks
  3 basilisks
  Menkaure (D:4)
  A steam dragon (D:7)
  9 water moccasins
  An orc warrior (D:7)
  3 black bears
  3 ice beasts
  3 sky beasts
  3 ogres
  3 wolves (Lair:1)
  A centaur (D:7)
  2 phantoms
  A kobold brigand (D:8)
  7 bullfrogs
  8 scorpions
  Blork the orc (D:4)
  6 killer bees (D:8)
  2 electric eels
  A howler monkey (D:5)
  3 jellies (D:5)
  3 orc priests
  A gnoll bouda (D:6)
  4 hounds
  4 iguanas
  4 orc wizards
  Natasha (twice) (D:2)
  3 gnolls (D:6)
  6 adders
  A white imp (D:5)
  An ufetubus (D:5)
  4 worms
  4 dart slugs
  15 orcs
  6 bats
  A bat zombie (D:2)
  7 endoplasms
  6 giant cockroaches
  2 hobgoblins
  6 jackals
  4 quokkas
  3 ball pythons
  A ball python zombie (D:2)
  A bat simulacrum (D:2)
  2 frilled lizards (D:2)
  2 giant cockroach zombies (D:2)
  4 goblins
  10 kobolds
  A quokka zombie (D:2)
  A rat (D:1)
219 creatures vanquished.

Vanquished Creatures (others)
  8 fungi
  17 plants
  10 withered plants (D:2)
35 creatures vanquished.

Grand Total: 254 creatures vanquished

Notes
Turn   | Place    | Note
-------+----------+-------------------------------------------
     0 | D:1      | qw the Troll Cinder Acolyte began the quest for the Orb.
     0 | D:1      | Reached XP level 1. HP: 22/22 MP: 1/1
     0 | D:1      | 0 ||| qw: Version: 0.1-a-102-g441f92d
     0 | D:1      | 0 ||| qw: Game counter: 5260
     0 | D:1      | 0 ||| qw: Always use a shield: true
     0 | D:1      | 0 ||| qw: God list: Okawaru
     0 | D:1      | 0 ||| qw: Allow faded altars: false
     0 | D:1      | 0 ||| qw: Do Orc after D:15 true
     0 | D:1      | 0 ||| qw: Do second Lair branch before Depths: true
     0 | D:1      | 0 ||| qw: Lair rune preference: random
     0 | D:1      | 0 ||| qw: Plans: Normal
     0 | D:1      | 0 ||| PLANNING D:1-11
    77 | D:1      | Found a faded altar of an unknown god.
   202 | D:1      | Reached XP level 2. HP: 29/29 MP: 2/2
   439 | D:1      | Reached skill level 4 in Unarmed Combat
   754 | D:1      | 754 ||| UPGRADING to ring of positive energy.
   755 | D:1      | 755 ||| READING scroll labelled HOCKEAGAYQU.
   756 | D:1      | 756 ||| READING scroll labelled HOARGHO RODANA.
   757 | D:1      | 757 ||| READING scroll labelled DIOSUWNAAD.
   761 | D:1      | 761 ||| READING 2 scrolls labelled MIDYOWN HAWIADIM.
   830 | D:2      | Reached XP level 3. HP: 36/36 MP: 3/3
   980 | D:2      | Noticed Natasha
   981 | D:2      | Found the +4 dagger "Morg" {pain, Will+ Int+5}
   983 | D:2      | 983 ||| INVOKING Fiery Armour.
   988 | D:2      | 988 ||| Stepping ~*~*~tactically~*~*~ (outnumbered).
   995 | D:2      | Killed Natasha
   996 | D:2      | Reached XP level 4. HP: 35/44 MP: 4/4
   996 | D:2      | 996 ||| Stepping ~*~*~tactically~*~*~ (outnumbered).
  1228 | D:2      | Reached skill level 5 in Unarmed Combat
  1317 | D:2      | Noticed Natasha
  1324 | D:2      | 1324 ||| INVOKING Fiery Armour.
  1330 | D:2      | HP: 11/44 [crimson imp[Natasha] (3)]
  1331 | D:2      | Killed Natasha
  1466 | D:2      | 1466 ||| UPGRADING to +0 cloak.
  1471 | D:2      | 1471 ||| READING 2 scrolls labelled JAALEN BIEGO.
  1472 | D:2      | 1472 ||| READING scroll labelled TAESA QUUTESH.
  1473 | D:2      | 1473 ||| READING scroll labelled UTTEHU YCIO.
  1474 | D:2      | 1474 ||| DRINKING 3 golden potions.
  1475 | D:2      | 1475 ||| READING 2 scrolls of identify.
  1475 | D:2      | 1475 ||| IDENTIFYING black potion
  1476 | D:2      | 1476 ||| DROPPING potion of flight.
  1477 | D:2      | 1477 ||| DROPPING scroll of magic mapping.
  2018 | D:3      | Reached XP level 5. HP: 33/50 MP: 5/5
  2143 | D:3      | 2143 ||| DROPPING +6 ring of intelligence.
  2144 | D:3      | 2144 ||| READING 2 scrolls labelled HUYHUA COFOLIA.
  2145 | D:3      | 2145 ||| DRINKING 2 murky white potions.
  2169 | D:3      | 2169 ||| READING 3 scrolls of identify.
  2169 | D:3      | 2169 ||| IDENTIFYING lumpy amethyst potion
  2170 | D:3      | 2170 ||| READING 2 scrolls of identify.
  2170 | D:3      | 2170 ||| IDENTIFYING inky potion
  2171 | D:3      | 2171 ||| DROPPING potion of brilliance.
  2172 | D:3      | 2172 ||| DROPPING potion of lignification.
  2173 | D:3      | 2173 ||| DROPPING scroll of amnesia.
  2316 | D:4      | Noticed Blork the orc
  2325 | D:4      | 2325 ||| INVOKING Fiery Armour.
  2328 | D:4      | Killed Blork the orc
  2329 | D:4      | Reached skill level 6 in Unarmed Combat
  2371 | D:4      | Found a transporter.
  2381 | D:4      | Noticed qw's ghost (weakling OgEn)
  2386 | D:4      | Noticed Menkaure
  2388 | D:4      | Killed Menkaure
  2389 | D:4      | Reached skill level 7 in Unarmed Combat
  2389 | D:4      | Reached XP level 6. HP: 39/59 MP: 6/6
  2391 | D:4      | 2391 ||| FLEEEEING.
  2392 | D:4      | 2392 ||| FLEEEEING.
  2393 | D:4      | 2393 ||| FLEEEEING.
  2396 | D:4      | 2396 ||| FLEEEEING.
  2397 | D:4      | 2397 ||| FLEEEEING.
  2398 | D:4      | 2398 ||| FLEEEEING.
  2399 | D:4      | 2399 ||| FLEEEEING.
  2400 | D:4      | 2400 ||| FLEEEEING.
  2401 | D:4      | 2401 ||| FLEEEEING.
  2402 | D:4      | 2402 ||| FLEEEEING.
  2403 | D:4      | 2403 ||| FLEEEEING.
  3070 | D:4      | Found a transporter.
  3101 | D:4      | Found a staircase to the Ecumenical Temple.
  3336 | D:4      | 3336 ||| UPGRADING to ring of positive energy.
  3337 | D:4      | 3337 ||| DRINKING 2 bubbling purple potions.
  3374 | D:5      | Entered Level 5 of the Dungeon
  3468 | D:5      | Noticed an ice beast
  3474 | D:5      | Killed an ice beast
  3556 | D:5      | Reached skill level 8 in Unarmed Combat
  3556 | D:5      | Reached XP level 7. HP: 66/66 MP: 7/7
  3559 | D:5      | Reached skill level 3 in Fighting
  3573 | D:5      | 3573 ||| INVOKING Fiery Armour.
  3638 | D:5      | 3638 ||| FLEEEEING.
  3639 | D:5      | 3639 ||| FLEEEEING.
  3640 | D:5      | 3640 ||| FLEEEEING.
  3641 | D:5      | 3641 ||| FLEEEEING.
  3642 | D:5      | 3642 ||| FLEEEEING.
  3643 | D:5      | 3643 ||| FLEEEEING.
  3645 | D:5      | 3645 ||| FLEEEEING.
  3646 | D:5      | 3646 ||| FLEEEEING.
  3647 | D:5      | 3647 ||| FLEEEEING.
  3648 | D:5      | 3648 ||| FLEEEEING.
  3649 | D:5      | 3649 ||| FLEEEEING.
  3650 | D:5      | 3650 ||| FLEEEEING.
  3651 | D:5      | 3651 ||| FLEEEEING.
  3652 | D:5      | 3652 ||| FLEEEEING.
  3653 | D:5      | 3653 ||| FLEEEEING.
  3654 | D:5      | 3654 ||| FLEEEEING.
  3655 | D:5      | 3655 ||| FLEEEEING.
  3656 | D:5      | 3656 ||| FLEEEEING.
  3657 | D:5      | 3657 ||| FLEEEEING.
  3662 | D:5      | Reached skill level 9 in Unarmed Combat
  3667 | D:5      | 3667 ||| STAIRDANCE
  3682 | D:4      | 3682 ||| READING 2 scrolls labelled LAFOIM EDORAE.
  3683 | D:4      | 3683 ||| DROPPING scroll of blinking.
  3764 | D:5      | Noticed qw's ghost (novice TeWr)
  3810 | D:5      | Found a transporter.
  3865 | D:5      | Found a transporter.
  3938 | D:5      | 3938 ||| Stepping ~*~*~tactically~*~*~ (hiding).
  3964 | D:5      | Reached skill level 1 in Throwing
  3965 | D:5      | 3965 ||| Stepping ~*~*~tactically~*~*~ (hiding).
  3970 | D:5      | Reached skill level 1 in Dodging
  3970 | D:5      | Reached XP level 8. HP: 48/75 MP: 8/8
  3974 | D:5      | 3974 ||| INVOKING Fiery Armour.
  3983 | D:5      | 3983 ||| FLEEEEING.
  3984 | D:5      | 3984 ||| FLEEEEING.
  3985 | D:5      | 3985 ||| FLEEEEING.
  3986 | D:5      | 3986 ||| FLEEEEING.
  3987 | D:5      | 3987 ||| FLEEEEING.
  3989 | D:5      | 3989 ||| FLEEEEING.
  3990 | D:5      | 3990 ||| FLEEEEING.
  3991 | D:5      | 3991 ||| FLEEEEING.
  3992 | D:5      | 3992 ||| FLEEEEING.
  3993 | D:5      | 3993 ||| FLEEEEING.
  3994 | D:5      | 3994 ||| FLEEEEING.
  3995 | D:5      | 3995 ||| FLEEEEING.
  3996 | D:5      | 3996 ||| FLEEEEING.
  3997 | D:5      | 3997 ||| FLEEEEING.
  3998 | D:5      | 3998 ||| FLEEEEING.
  3999 | D:5      | 3999 ||| FLEEEEING.
  4000 | D:5      | 4000 ||| FLEEEEING.
  4001 | D:5      | 4001 ||| FLEEEEING.
  4002 | D:5      | 4002 ||| FLEEEEING.
  4003 | D:5      | 4003 ||| FLEEEEING.
  4004 | D:5      | 4004 ||| FLEEEEING.
  4005 | D:5      | 4005 ||| STAIRDANCE
  4026 | D:4      | 4026 ||| READING scroll labelled XAKHULE JUVE.
  4055 | D:4      | 4055 ||| DRINKING 2 dark potions.
  4073 | D:5      | 4073 ||| Stepping ~*~*~tactically~*~*~ (stealth).
  4074 | D:5      | 4074 ||| Stepping ~*~*~tactically~*~*~ (stealth).
  4076 | D:5      | 4076 ||| Stepping ~*~*~tactically~*~*~ (hiding).
  4407 | D:5      | Found an opulent altar of Gozag.
  4407 | D:5      | Found a glowing silver altar of Zin.
  4420 | D:5      | 4420 ||| READING 2 scrolls of identify.
  4420 | D:5      | 4420 ||| IDENTIFYING green potion
  4421 | D:5      | 4421 ||| DROPPING potion of magic.
  4482 | D:6      | Noticed Maggie
  4497 | D:6      | 4497 ||| INVOKING Fiery Armour.
  4498 | D:6      | Killed Maggie
  4499 | D:6      | Reached skill level 10 in Unarmed Combat
  4942 | D:6      | 4942 ||| Stepping ~*~*~tactically~*~*~ (hiding).
  4944 | D:6      | 4944 ||| Stepping ~*~*~tactically~*~*~ (hiding).
  4955 | D:6      | 4955 ||| INVOKING Fiery Armour.
  4956 | D:6      | 4956 ||| Stepping ~*~*~tactically~*~*~ (outnumbered).
  4962 | D:6      | HP: 19/78 [gnoll/+0 halberd[a gnoll bouda] (3)]
  4963 | D:6      | 4963 ||| READING scroll of teleportation.
  4964 | D:6      | 4964 ||| DRINKING 4 potions of heal wounds.
  4967 | D:6      | Reached skill level 11 in Unarmed Combat
  5066 | D:6      | 5066 ||| FLEEEEING.
  5067 | D:6      | 5067 ||| FLEEEEING.
  5068 | D:6      | 5068 ||| FLEEEEING.
  5069 | D:6      | 5069 ||| FLEEEEING.
  5070 | D:6      | 5070 ||| FLEEEEING.
  5115 | D:6      | 5115 ||| FLEEEEING.
  5313 | D:6      | Reached XP level 9. HP: 81/84 MP: 9/9
  5426 | D:6      | 5426 ||| UPGRADING to +0 acid dragon scales.
  5436 | D:6      | 5436 ||| DROPPING +0 robe.
  5437 | D:6      | 5437 ||| UPGRADING to amulet of regeneration.
  5442 | D:6      | 5442 ||| UPGRADING to ring of protection from fire.
  5444 | D:6      | 5444 ||| READING scroll labelled NAIGIX RUAL.
  5445 | D:6      | 5445 ||| READING 2 scrolls of identify.
  5445 | D:6      | 5445 ||| IDENTIFYING orange potion
  5546 | D:7      | Reached skill level 1 in Armour
  5597 | D:7      | 5597 ||| Stepping ~*~*~tactically~*~*~ (hiding).
  5607 | D:7      | 5607 ||| Stepping ~*~*~tactically~*~*~ (stealth).
  5841 | D:7      | Reached skill level 12 in Unarmed Combat
  5847 | D:7      | 5847 ||| READING scroll of enchant armour.
  5847 | D:7      | 5847 ||| ENCHANTING +0 acid dragon scales.
  5911 | D:7      | Noticed Joseph
  5916 | D:7      | Killed Joseph
  5969 | D:7      | Identified the ring of Kiss {rN+ Will+ Int+4 Dex-4 SInv}
  6128 | D:7      | 6128 ||| DROPPING ring of flight.
  6183 | D:8      | Found an iron altar of Okawaru.
  6225 | D:8      | 6225 ||| Stepping ~*~*~tactically~*~*~ (outnumbered).
  6226 | D:8      | 6226 ||| STAIRDANCE
  6246 | D:8      | 6246 ||| STAIRDANCE
  6257 | D:8      | 6257 ||| STAIRDANCE
  6277 | D:8      | 6277 ||| STAIRDANCE
  6282 | D:8      | 6282 ||| STAIRDANCE
  6290 | D:8      | 6290 ||| STAIRDANCE
  6308 | D:8      | Reached XP level 10. HP: 90/96 MP: 10/10
  6320 | D:8      | Reached skill level 13 in Unarmed Combat
  6366 | D:8      | 6366 ||| Stepping ~*~*~tactically~*~*~ (stealth).
  6368 | D:8      | 6368 ||| Stepping ~*~*~tactically~*~*~ (stealth).
  6369 | D:8      | 6369 ||| Stepping ~*~*~tactically~*~*~ (stealth).
  6372 | D:8      | 6372 ||| Stepping ~*~*~tactically~*~*~ (outnumbered).
  6373 | D:8      | 6373 ||| Stepping ~*~*~tactically~*~*~ (outnumbered).
  6379 | D:8      | 6379 ||| INVOKING Fiery Armour.
  6414 | D:8      | Reached skill level 14 in Unarmed Combat
  6492 | D:8      | 6492 ||| Stepping ~*~*~tactically~*~*~ (hiding).
  6499 | D:8      | 6499 ||| INVOKING Fiery Armour.
  6500 | D:8      | 6500 ||| Stepping ~*~*~tactically~*~*~ (outnumbered).
  6510 | D:8      | 6510 ||| Stepping ~*~*~tactically~*~*~ (stealth).
  6511 | D:8      | 6511 ||| Stepping ~*~*~tactically~*~*~ (stealth).
  6518 | D:8      | 6518 ||| Stepping ~*~*~tactically~*~*~ (stealth).
  6519 | D:8      | 6519 ||| Stepping ~*~*~tactically~*~*~ (stealth).
  6664 | D:8      | Noticed Prince Ribbit
  6679 | D:8      | Killed Prince Ribbit
  6840 | D:8      | Reached skill level 6 in Fighting
  6846 | D:8      | Found a staircase to the Lair.
  6925 | D:8      | Found an ornate altar of the Wu Jian Council.
  6925 | D:8      | Found a broken altar of Ashenzari.
  6968 | D:8      | 6968 ||| READING 2 scrolls labelled TEASMI SETZEO.
  6969 | D:8      | 6969 ||| PLANNING LAIR
  6969 | D:8      | 6969 ||| READING 2 scrolls labelled MANAFR NACW.
  6970 | D:8      | 6970 ||| DRINKING 3 glowing golden potions.
  7081 | D:8      | 7081 ||| DROPPING 2 potions of berserk rage.
  7082 | D:8      | 7082 ||| DROPPING scroll of poison.
  7083 | D:8      | 7083 ||| DROPPING scroll of immolation.
  7115 | Lair:1   | Entered Level 1 of the Lair of Beasts
  7320 | Lair:1   | 7320 ||| Stepping ~*~*~tactically~*~*~ (stealth).
  7332 | Lair:1   | 7332 ||| Stepping ~*~*~tactically~*~*~ (stealth).
  7437 | Lair:1   | Reached skill level 15 in Unarmed Combat
  7597 | Lair:1   | Reached XP level 11. HP: 105/105 MP: 11/11
  7605 | Lair:1   | Reached skill level 3 in Armour
  7940 | Lair:1   | 7940 ||| READING scroll labelled FODEDO VYEGGUTYLUTH.
  7941 | Lair:1   | 7941 ||| READING scroll labelled NABROI URAMMO.
  7973 | Lair:2   | 7973 ||| Stepping ~*~*~tactically~*~*~ (stealth).
  7976 | Lair:2   | 7976 ||| INVOKING Fiery Armour.
  7980 | Lair:2   | 7980 ||| Stepping ~*~*~tactically~*~*~ (stealth).
  7984 | Lair:2   | 7984 ||| Stepping ~*~*~tactically~*~*~ (stealth).
  7989 | Lair:2   | 7989 ||| Stepping ~*~*~tactically~*~*~ (stealth).
  8009 | Lair:2   | 8009 ||| Stepping ~*~*~tactically~*~*~ (stealth).
  8013 | Lair:2   | 8013 ||| Stepping ~*~*~tactically~*~*~ (stealth).
  8022 | Lair:2   | 8022 ||| Stepping ~*~*~tactically~*~*~ (stealth).
  8078 | Lair:2   | Reached skill level 16 in Unarmed Combat
  8083 | Lair:2   | 8083 ||| Stepping ~*~*~tactically~*~*~ (hiding).
  8084 | Lair:2   | 8084 ||| Stepping ~*~*~tactically~*~*~ (hiding).
  8250 | Lair:2   | 8250 ||| Stepping ~*~*~tactically~*~*~ (stealth).
  8257 | Lair:2   | 8257 ||| Stepping ~*~*~tactically~*~*~ (outnumbered).
  8258 | Lair:2   | 8258 ||| Stepping ~*~*~tactically~*~*~ (outnumbered).
  8259 | Lair:2   | 8259 ||| Stepping ~*~*~tactically~*~*~ (outnumbered).
  8260 | Lair:2   | 8260 ||| Stepping ~*~*~tactically~*~*~ (outnumbered).
  8261 | Lair:2   | 8261 ||| Stepping ~*~*~tactically~*~*~ (outnumbered).
  8262 | Lair:2   | 8262 ||| Stepping ~*~*~tactically~*~*~ (outnumbered).
  8263 | Lair:2   | 8263 ||| Stepping ~*~*~tactically~*~*~ (outnumbered).
  8264 | Lair:2   | 8264 ||| Stepping ~*~*~tactically~*~*~ (outnumbered).
  8265 | Lair:2   | 8265 ||| Stepping ~*~*~tactically~*~*~ (outnumbered).
  8266 | Lair:2   | 8266 ||| Stepping ~*~*~tactically~*~*~ (outnumbered).
  8272 | Lair:2   | 8272 ||| FLEEEEING.
  8273 | Lair:2   | 8273 ||| FLEEEEING.
  8274 | Lair:2   | 8274 ||| FLEEEEING.
  8275 | Lair:2   | 8275 ||| FLEEEEING.
  8276 | Lair:2   | 8276 ||| FLEEEEING.
  8277 | Lair:2   | 8277 ||| FLEEEEING.
  8278 | Lair:2   | 8278 ||| FLEEEEING.
  8279 | Lair:2   | 8279 ||| FLEEEEING.
  8280 | Lair:2   | 8280 ||| FLEEEEING.
  8281 | Lair:2   | 8281 ||| FLEEEEING.
  8282 | Lair:2   | 8282 ||| FLEEEEING.
  8283 | Lair:2   | 8283 ||| FLEEEEING.
  8284 | Lair:2   | 8284 ||| FLEEEEING.
  8285 | Lair:2   | 8285 ||| FLEEEEING.
  8290 | Lair:2   | 8290 ||| Stepping ~*~*~tactically~*~*~ (outnumbered).
  8300 | Lair:2   | 8300 ||| FLEEEEING.
  8305 | Lair:2   | 8305 ||| Stepping ~*~*~tactically~*~*~ (outnumbered).
  8306 | Lair:2   | 8306 ||| Stepping ~*~*~tactically~*~*~ (outnumbered).
  8307 | Lair:2   | 8307 ||| Stepping ~*~*~tactically~*~*~ (outnumbered).
  8308 | Lair:2   | 8308 ||| Stepping ~*~*~tactically~*~*~ (outnumbered).
  8309 | Lair:2   | 8309 ||| INVOKING Fiery Armour.
  8475 | Lair:2   | 8475 ||| Stepping ~*~*~tactically~*~*~ (stealth).
  8478 | Lair:2   | 8478 ||| INVOKING Fiery Armour.
  8483 | Lair:2   | Noticed Erica
  8499 | Lair:2   | Killed Erica
  8540 | Lair:2   | 8540 ||| FLEEEEING.
  8576 | Lair:2   | Found a staircase to the Shoals.
  8612 | Lair:2   | 8612 ||| INVOKING Fiery Armour.
  8654 | Lair:2   | Found a blossoming altar of Fedhas.
  8655 | Lair:2   | 8655 ||| PLANNING CONVERSION TO OKAWARU
  8737 | D:8      | 8737 ||| PLANNING D:1-11
  8737 | D:8      | 8737 ||| READING scroll labelled PONEDE RUGOEX.
  8755 | D:7      | 8755 ||| Stepping randomly (stuck).
  8756 | D:7      | 8756 ||| PLANNING LAIR
  8917 | Lair:2   | 8917 ||| Stepping ~*~*~tactically~*~*~ (stealth).
  8926 | Lair:2   | Reached skill level 17 in Unarmed Combat
  8930 | Lair:2   | Found a hole to the Spider Nest.
  8955 | Lair:2   | Noticed Gastronok
  8956 | Lair:2   | 8956 ||| Stepping ~*~*~tactically~*~*~ (hiding).
  8965 | Lair:2   | Reached XP level 12. HP: 110/118 MP: 12/12
  8974 | Lair:2   | Killed Gastronok
  9093 | Lair:2   | Found a blossoming altar of Fedhas.
  9606 | Lair:2   | HP: 29/118 [oklob plant/splash of acid (16)]
  9607 | Lair:2   | 9607 ||| DRINKING 4 potions of heal wounds.
  9628 | Lair:2   | HP: 26/118 [oklob plant/splash of acid (13)]
  9629 | Lair:2   | 9629 ||| DRINKING 3 potions of heal wounds.
  9631 | Lair:2   | 9631 ||| DRINKING 2 potions of heal wounds.
  9654 | Lair:2   | HP: 24/118 [oklob plant/splash of acid (12)]
  9655 | Lair:2   | 9655 ||| DRINKING potion of heal wounds.
  9666 | Lair:2   | HP: 17/118 [oklob plant/splash of acid (17)]
  9669 | Lair:2   | HP: 7/118 [oklob plant/splash of acid (10)]
  9673 | Lair:2   | HP: 1/118 [oklob plant/splash of acid (6)]
  9675 | Lair:2   | Killed from afar by an oklob plant

Levels and vault maps discovered:
D:1:      dpeg_arrival_concentric_ovals, layout_loops_ring,
          basic_ecumenical_altar, feat_on_display
D:2:      layout_basic, dilly_guarded_unrand_morg
D:3:      layout_basic, nicolae_elevator_lobby_asterisk
D:4:      layout_layer_cave, minmay_temple_entry_poolview,
          gammafunk_ghost_stat_death, uniq_menkaure, uniq_crazy_yiuf_cottage,
          uniq_blork_the_orc
D:5:      layout_gridville, grunt_temple_overflow_gold_and_silver,
          gammafunk_ghost_hive, minmay_joined_circles
D:6:      layout_gridville, grunt_decor_junction, water_boxes_lemuel,
          uniq_maggie
D:7:      layout_loops_ring, uniq_joseph
D:8:      layout_basic, nicolae_overflow_two_pavilions, okawaru_metal_pillars_3,
          minmay_lair_entry_grove, uniq_prince_ribbit1
Lair:1:   layout_cave_pods, infiniplex_staircase_pool_2
Lair:2:   layout_cave_pods, elwin_shoals_entry_rooms,
          nicolae_spider_entry_non_spiders, basic_altar,
          nicolae_quartered_pool_impasse, tgw_fedhas, uniq_erica, uniq_gastronok

Skill      XL: |  1  2  3  4  5  6  7  8  9 10 11 |
---------------+----------------------------------+-----
Unarmed Combat | 4 5 7 8 9 11 12 15 17 | 17.4
Fighting       | 3 4 5 6 7 |  7.0
Throwing       | 1 2 |  2.1
Dodging        | 1 2 |  2.1
Armour         | 2 3 |  3.0
Spellcasting   | |  1.0
Fire Magic     | |  2.1

Action                   |  1- 3 |  4- 6 |  7- 9 | 10-12 || total
-------------------------+-------+-------+-------+-------++-------
Melee: Unarmed           |    73 |   100 |   212 |   267 ||   652
       Punch             |       |     2 |     7 |    24 ||    33
Throw: Boomerang         |       |     1 |    42 |    83 ||   126
Invok: Fiery Armour      |     1 |     2 |     4 |     6 ||    13
  Use: Scroll            |     4 |     7 |     7 |     5 ||    23
       Potion            |       |     3 |     2 |     5 ||    10
Armor: Robe              |    38 |    28 |    26 |       ||    92
       Acid dragon scale |       |       |    30 |    97 ||   127
Dodge: Dodged            |    28 |    31 |    83 |    89 ||   231

Table legend:
 A = Non-vault XP
 B = Vault XP
 C = Vault XP percentage of total XP
 D = Non-vault monster count
 E = Vault monster count
 F = Vault count percentage of total count
                 A         B        C        D         E       F
            +---------+---------+-------+---------+---------+-------
      Total |   16272 |    7698 |  32.1 |     167 |      52 |  23.7
            +---------+---------+-------+---------+---------+-------
        D:1 |      37 |       0 |   0.0 |      20 |       0 |   0.0
        D:2 |      73 |      40 |  35.4 |      14 |       7 |  33.3
        D:3 |      48 |       0 |   0.0 |       7 |       0 |   0.0
        D:4 |      32 |     259 |  89.0 |      12 |       2 |  14.3
        D:5 |     284 |     984 |  77.6 |       7 |      17 |  70.8
        D:6 |     652 |     398 |  37.9 |      19 |       1 |   5.0
        D:7 |    1642 |     836 |  33.7 |      19 |       3 |  13.6
        D:8 |    1380 |    2016 |  59.4 |      23 |      11 |  32.4
     Lair:1 |    3915 |       0 |   0.0 |      19 |       0 |   0.0
     Lair:2 |    8209 |    3165 |  27.8 |      27 |      11 |  28.9
            +---------+---------+-------+---------+---------+-------
